AoeStats
← hardervidertsie

Migration

507672202Analyzed
1v1 RM · 14d ago on Sep 19, 2026· 26m 4s· 2 players
Game mode
Random Map
Map size
132×132
Population
200
Speed
Normal
Resources
Standard
Victory
Conquest
Starting age
Dark Age
Ending age
Imperial Age
RankedLock teamsTeams togetherTeam positionsShared explorationLock speedFull tech treeHidden civsTurbo modeCheats
Victory
Defeat
🇵🇪 Spanish · Peru
1296
+18
🇳🇱 Magyars · Netherlands
1342
-18
hardervidertsie
11:59 Feudal Age
12:49 Fishing Lines
13:23 Double-Bit Axe
14:17 Fletching
15:26 Loom
19:06 Castle Age
18:21 Gold Mining
20:12 Medium Warships
20:18 Bodkin Arrow
21:29 Stone Mining
21:51 Bow Saw
24:21 Gillnets
25:11 Ballistics
Turingsyx
5:18 Loom
12:28 Feudal Age
13:51 Fishing Lines
16:31 Castle Age
15:01 Fletching
15:52 Double-Bit Axe
16:54 Stone Mining
17:17 Gillnets
18:40 Bow Saw
18:54 Medium Warships
19:09 Bodkin Arrow
20:31 Demolition Ship
23:26 Horse Collar
26:35 Wheelbarrow
Connection lost

Rejoining the realm…

Still unreachable

The connection could not be restored.

Session expired

The server has moved on; the page needs a fresh start.